Map: Cerulean Fall LE

Players

Serral - Winner!

  • Race: Terran Terran
  • League: Master
  • Spawn Location: 1:00

Saint

  • Race: Zerg Zerg
  • League: Master
  • Spawn Location: 7:00

VOD

Have the link to the VOD?

Description

Time

  • Played on: Dec. 4, 2018, 12:42 p.m.
  • Length: 9:39
Show
View Real Time Build Order
Export as new Build Order

Serral Terran - Winner!

Build Orders: Liberator Opening, Reaper Expand 

Get SALT Encoding   

  12  0:00  SCV  
  13  0:12  SCV  
  14  0:17  Supply Depot  
  14  0:24  SCV  
  15  0:38  SCV  
  15  0:39  Barracks  
  16  0:43  Refinery  
  16  0:50  SCV  
  17  1:03  SCV  
  18  1:15  SCV  
  19  1:26  Reaper  
  19  1:27  Orbital Command  
  20  1:39  Command Center  
  20  1:52  Supply Depot, SCV  
  21  1:58  Marine  
  22  2:03  Refinery  
  22  2:04  SCV  
  23  2:10  Factory  
  23  2:17  SCV  
  23  2:20  Barracks Reactor  
  24  2:29  SCV  
  25  2:45  SCV  
  26  2:53  Orbital Command  
  26  2:57  SCV  
  27  2:58  Starport  
  27  3:03  Hellion x2  
  31  3:06  Barracks Tech Lab  
  31  3:09  SCV  
  32  3:20  SCV  
  32  3:21  Liberator  
  32  3:22  SCV  
  32  3:24  Hellion x2  
  38  3:32  SCV  
  38  3:34  Barracks Tech Lab, SCV  
  40  3:35  Supply Depot  
  43  3:44  SCV  
  43  3:46  SCV  
  45  3:57  Hellion x2  
  45  3:58  Supply Depot, SCV  
  45  3:59  Supply Depot  
  45  4:00  SCV  
  51  4:10  SCV  
  51  4:12  SCV  
  53  4:21  Command Center  
  53  4:23  Marine  
  54  4:27  Starport Reactor  
  54  4:30  SCV  
  55  4:32  Barracks, SCV  
  55  4:33  Barracks  
  55  4:36  Stimpack  
  56  4:40  Siege Tank  
  56  4:45  SCV x2  
  61  4:53  Supply Depot  
  61  4:58  Engineering Bay  
  61  4:59  Engineering Bay, SCV x2  
  63  5:01  Marine  
  64  5:11  SCV x2  
  64  5:12  Refinery x2  
  66  5:16  Starport Reactor  
  66  5:18  Siege Tank  
  66  5:19  Marine  
  66  5:20  Marine  
  66  5:21  Marine  
  72  5:23  SCV x2  
  72  5:28  Marine x2  
  76  5:30  Terran Infantry Armor Level 1, Terran Infantry Weapons Level 1  
  76  5:35  Supply Depot, SCV  
  77  5:39  Marine  
  77  5:40  Marine x2  
  77  5:42  Orbital Command  
  80  5:47  SCV x2  
  82  5:56  Medivac x2  
  83  5:57  Supply Depot  
  83  5:59  Marine x2  
  83  6:00  Marine x2, Orbital Command  
  83  6:01  Marine  
  88  6:04  SCV x2  
  90  6:15  Supply Depot x2  
  90  6:16  SCV x2  
  90  6:17  Marine  
  90  6:18  Siege Tank  
  96  6:24  Armory  
  96  6:26  Marine x4  
  100  6:36  Medivac x2  
  100  6:37  SCV x3  
  107  6:41  Supply Depot  
  107  6:45  Combat Shield  
  107  6:48  Refinery  
  107  6:49  SCV x2  
  107  6:50  SCV, Siege Tank  
  113  6:54  Supply Depot  
  113  7:03  Barracks x2  
  113  7:05  Marine x5  
  118  7:09  SCV x3  
  118  7:15  Medivac x2  
  125  7:16  Supply Depot  
  125  7:22  SCV x2  
  127  7:23  SCV  
  127  7:25  Marine  
  127  7:26  Marine x2  
  127  7:29  Siege Tank  
  134  7:35  Supply Depot  
  134  7:37  Supply Depot  
  134  7:41  Marine  
  134  7:42  Marine  
  134  7:43  Marine x2, SCV x3  
  140  7:46  Supply Depot  
  140  7:54  Command Center  
  140  7:57  Barracks Reactor x2  
  138  8:03  Barracks Tech Lab x2  
  138  8:05  SCV x3, Siege Tank  
  144  8:11  Marine x4, Marauder  
  149  8:27  SCV x3  
  149  8:28  Marauder x2, Concussive Shells  
  149  8:29  Marine x4  
  160  8:35  Supply Depot  
  160  8:37  Siege Tank  
  163  8:42  Marauder  
  163  8:47  Marine x3  
  168  8:49  Medivac  
  168  8:50  Marauder  
  172  8:57  Medivac  
  172  8:58  Supply Depot  
  172  8:59  Supply Depot x2  
  172  9:00  Refinery  
  174  9:02  Marine  
  174  9:03  Marauder x2  
  174  9:05  Marine  
  170  9:20  Missile Turret  
  170  9:23  Missile Turret  
  170  9:38  Missile Turret  
Show
View Real Time Build Order
Export as new Build Order

Saint Zerg 

Build Orders: Hatch First 

Get SALT Encoding   

  12  0:01  Drone  
  13  0:12  Overlord  
  13  0:18  Drone  
  14  0:30  Drone x2  
  16  0:51  Hatchery  
  16  0:56  Drone  
  16  0:57  Drone  
  17  1:09  Extractor  
  16  1:14  Spawning Pool  
  16  1:17  Drone  
  16  1:24  Drone  
  16  1:25  Drone  
  18  1:28  Drone  
  19  1:43  Drone  
  20  1:52  Drone  
  21  2:02  Zergling x2  
  21  2:03  Queen x2, Zergling x2  
  27  2:20  Hatchery  
  26  2:29  Overlord  
  26  2:33  Metabolic Boost  
  26  2:36  Spore Crawler  
  23  2:40  Drone x2  
  26  2:48  Drone  
  26  2:49  Drone x2  
  26  2:50  Drone  
  30  2:56  Overlord  
  30  2:58  Drone  
  31  3:05  Queen  
  33  3:19  Drone x6  
  39  3:30  Overlord  
  39  3:31  Zergling x2  
  39  3:32  Zergling x2  
  41  3:34  Queen  
  43  3:43  Roach Warren  
  43  3:47  Queen  
  44  3:54  Overlord  
  44  3:56  Zergling x2  
  45  4:06  Lair  
  45  4:07  Drone  
  45  4:08  Drone x3  
  49  4:10  Overlord  
  49  4:32  Spore Crawler, Drone  
  49  4:35  Spore Crawler  
  49  4:36  Drone  
  49  4:37  Drone x5  
  49  4:38  Drone x5  
  59  4:41  Overlord  
  58  4:55  Roach x3  
  57  5:14  Queen  
  57  5:34  Roach x4  
  65  5:43  Overlord x2  
  65  5:49  Drone x2  
  67  5:50  Drone x3, Extractor  
  67  5:51  Drone x3, Extractor  
  67  5:52  Overlord x2  
  71  6:01  Overlord x2  
  71  6:02  Overlord  
  71  6:17  Drone x6  
  71  6:18  Drone, Extractor  
  76  6:19  Drone x2  
  76  6:23  Drone x2  
  76  6:24  Glial Reconstitution, Evolution Chamber  
  76  6:25  Evolution Chamber  
  79  6:31  Drone x6  
  85  6:34  Extractor x2  
  85  6:39  Overlord  
  83  6:40  Drone x2  
  83  6:41  Drone  
  83  6:46  Drone  
  83  6:47  Drone x2, Overlord  
  89  6:51  Drone x2  
  91  6:57  Drone  
  91  6:58  Drone x2  
  91  6:59  Drone x2  
  91  7:01  Drone  
  97  7:03  Zerg Missile Weapons Level 1  
  97  7:04  Zerg Ground Armor Level 1  
  97  7:08  Overlord  
  97  7:10  Roach x2  
  101  7:20  Roach x2  
  101  7:21  Roach x4  
  109  7:27  Roach x3  
  110  7:44  Tunneling Claws  
  110  7:46  Burrow  
  110  7:49  Overlord x3  
  112  7:51  Roach  
  112  7:52  Roach x8  
  126  8:02  Roach x2  
  128  8:08  Roach x4  
  136  8:16  Roach  
  136  8:17  Roach x4  
  144  8:30  Roach x6  
  158  8:34  Roach  
  158  8:35  Roach x2  
  158  8:36  Roach  
  164  8:43  Roach x4  
  164  8:44  Roach  
  164  8:47  Overlord x3  
  174  8:53  Overlord  
  172  9:04  Roach x39  
  172  9:06  Roach x7  
  172  9:07  Roach  
  182  9:10  Roach x25  
Tags
 
Add a new tag
Caveats
  • Supply blocks, unpowered buildings, or Contaminate may cause inaccurate times.
  • Supply counts are checked every 10 seconds.